 Dungeon Crawl Stone Soup version 0.29-a0-284-gf9362112df (webtiles) character file.

Game seed: 1314819107073685196

61 spaghetti the Sneak (level 3, -5/28 HPs)
             Began as a Demonspawn Earth Elementalist on Mar 20, 2022.
             Slain by Terence
             ... wielding a +1 vorpal mace
              (9 damage)
             ... on level 3 of the Dungeon on Mar 21, 2022.
             The game lasted 00:02:43 (2193 turns).

spaghetti the Sneak (Demonspawn Earth Elementalist) Turns: 2193, Time: 00:02:43

Health: -5/28      AC:  2    Str:  8    XL:     3   Next: 83%
Magic:  1/6        EV: 12    Int: 18    God:
Gold:   92         SH:  0    Dex: 13    Spells: 0/6 levels left

rFire   . . .      SeeInvis .   d - +0 dagger {short}
rCold   . . .      Faith    .   (no shield)
rNeg    . . .      Spirit   .   b - +0 robe
rPois   .          Reflect  .   (no helmet)
rElec   .          Harm     .   (no cloak)
rCorr   .          Rampage  .   (no gloves)
Will    .....                   (no boots)
Stlth   ++........              (no amulet)
HPRegen 0.09/turn               (no ring)
MPRegen 0.10/turn               (no ring)

@: no status effects
A: foul stench 1
a: no special abilities


You were on level 3 of the Dungeon.
You visited 1 branch of the dungeon, and saw 3 of its levels.

You collected 92 gold pieces.


Innate Abilities, Weirdness & Mutations

You may rarely emit foul miasma when damaged in melee.


   Skills:
 + Level 2.3 Fighting
 - Level 1.7 Dodging
 - Level 3.1 Stealth
 - Level 2.0 Spellcasting
 - Level 0.8 Transmutations
 - Level 2.6 Earth Magic


You couldn't memorise any spells.
You knew the following spells:

 Your Spells              Type           Power      Damage    Failure   Level
a - Sandblast             Erth           22%        2d7       6%          1
b - Passwall              Tmut/Erth      6%         N/A       13%         2
c - Stone Arrow           Conj/Erth      12%        3d7       30%         3

Your spell library contained the following spells:

 Spells                   Type           Power      Damage    Failure   Level
 Shock                    Conj/Air       4%         1d3       19%         1
 Blink                    Tloc           2%         N/A       26%         2
 Lesser Beckoning         Tloc           1%         N/A       47%         3
 Swiftness                Air            1%         N/A       47%         3
 Petrify                  Tmut/Erth      8%         N/A       65%         4
 Airstrike                Air            0%         N/A       87%         4
 Manifold Assault         Tloc           1%         N/A       99%         5
 Summon Forest            Summ/Tloc      0%         N/A       99%         5
 Eringya's Noxious Bog    Tmut/Pois      1%         N/A       100%        6
 Summon Hydra             Summ           0%         N/A       100%        7

Inventory:

Hand Weapons
 c - a +0 club {mace}
   (You took it off a goblin on level 1 of the Dungeon)
 d - a +0 dagger (weapon) {short}
   (You took it off a goblin on level 1 of the Dungeon)
 l - a +0 scimitar {long}
   (You found it on level 2 of the Dungeon)
Missiles
 a - 35 stones {throwing}
 h - 6 poisoned darts {throwing}
Armour
 b - a +0 robe (worn)
Scrolls
 e - 2 scrolls of teleportation {@r4}
 f - a scroll of amnesia {unknown}
Potions
 g - a potion of resistance {unknown}
 i - a potion of ambrosia {unknown}
 k - a potion of brilliance {unknown}
 m - a potion of cancellation {unknown}

Dungeon Overview and Level Annotations

Branches:
Dungeon (3/15)

Altars:

Annotations:
D:3 Terence

#.. .# #....# . #....#
#.#####..#.# .. #... ......#
... ##.####.... #.# .........#
. #.# ##.......@# .#
#.###..##..#@##
#.##.##.#...#.#S###.# #.#
#.....##....)...##.#####..
##...###...##....).†.....#####
#.....####.##....†............
#.##.##.#......................
. #.###.......................
. #.#.........................


You could see Terence (poisoned, slow) and an adder.


Message History

😎 MP[+1]
Your mp is fully restored (6).
Aiming: Sandblast (safe; 6% risk of failure)
Press: ? - help, Q - select action, (/) - cycle Shift-Dir - straight line, f - you That would be overly suicidal.
Okay, then.
Unknown command.
Aiming: Sandblast (safe; 6% risk of failure)
Press: ? - help, Q - select action, (/) - cycle Shift-Dir - straight line, f - kobold
Aim: a kobold, wielding a +0 club and quivering poisoned darts (asleep, 100% to hit)
The blast of sand hits the kobold.
You kill the kobold! 😎 MP[-1]
You lost 1 mp, and now have 5/6 mp.
Things that are here:
a +0 club {mace}; 5 poisoned darts {throwing}; a kobold corpse 😎 MP[+1]
Your mp is fully restored (6).
A frilled lizard is nearby!
Aiming: Sandblast (safe; 6% risk of failure)
Press: ? - help, Q - select action, (/) - cycle Shift-Dir - straight line, f - you
Okay, then.
An adder comes into view.
The adder hisses angrily.
Aiming: Sandblast (safe; 6% risk of failure)
Press: ? - help, Q - select action, (/) - cycle Shift-Dir - straight line, f - frilled lizard
Aim: a frilled lizard (asleep, 100% to hit)
The blast of sand hits the frilled lizard!
You kill the frilled lizard!
Terence shouts!
You hear an angry hiss. 😎 MP[-1]
You lost 1 mp, and now have 5/6 mp.
Aiming: Sandblast (safe; 6% risk of failure)
Press: ? - help, Q - select action, (/) - cycle Shift-Dir - straight line, f - adder
Aim: an adder (66% to hit)
The blast of sand misses the adder.
The adder barely misses you. 😎 MP[-1]
You lost 1 mp, and now have 4/6 mp.
Aiming: Sandblast (safe; 6% risk of failure)
Press: ? - help, Q - select action, (/) - cycle Shift-Dir - straight line, f/p - adder
Aim: an adder (66% to hit)
The blast of sand misses the adder.
The adder barely misses you. 😎 MP[-1]
You lost 1 mp, and now have 3/6 mp.
Aiming: Sandblast (safe; 6% risk of failure)
Press: ? - help, Q - select action, (/) - cycle Shift-Dir - straight line, f/p - adder
Aim: an adder (66% to hit)
The blast of sand hits the adder!
The adder misses you. 😎 MP[-1]
You lost 1 mp, and now have 2/6 mp.
Aiming: Sandblast (safe; 6% risk of failure)
Press: ? - help, Q - select action, (/) - cycle Shift-Dir - straight line, f/p - adder
Aim: an adder (severely wounded, 66% to hit)
The blast of sand hits the adder!
You kill the adder!
The adder hisses angrily.
Terence barely misses you. 😎 HP[+1] MP[-1]
You now have 28 max hp (+1).
Your hp is fully restored (28).
You lost 1 mp, and now have 1/6 mp.
Aiming: Sandblast (safe; 6% risk of failure)
Press: ? - help, Q - select action, (/) - cycle Shift-Dir - straight line, f - Terence
Aim: Terence, wielding a +1 vorpal mace and wearing a +0 chain mail (85% to hit)
The blast of sand hits Terence.
Terence hits you with a +1 vorpal mace. 😮 HP[-8] MP[-1]
You take 8 damage, and now have 20/28 hp.
MASSIVE DAMAGE!! (PAUSE)
You lost 1 mp, and now have 0/6 mp.
Terence attacks as you move away!
Terence hits you with a +1 vorpal mace. 😮 HP[-4]
You take 4 damage, and now have 16/28 hp. 😮 HP[+1]
You see here a scroll labelled OCAC UTE QUNN. 😮 MP[+1]
j - a scroll labelled OCAC UTE QUNN Terence hits you with a +1 vorpal mace.
* * * LOW HITPOINT WARNING * * *
x2 😨 HP[-5]
You take 5 damage, and now have 12/28 hp.
As you read the scroll labelled OCAC UTE QUNN, it crumbles to dust.
You hear a loud clanging noise!
It was a scroll of noise.
You hear a shout! x2; You hear an angry hiss.
You hear a shout! x2
You hear an angry hiss.
Terence hits you with a +1 vorpal mace.
* * * LOW HITPOINT WARNING * * *
x2 You emit a cloud of foul miasma! 😱 HP[-8]
You take 8 damage, and now have 4/28 hp.
MASSIVE DAMAGE!! (PAUSE)
Okay, then.
You hit Terence but do no damage.
Terence is engulfed in dark miasma.
Terence is poisoned.
Terence seems to slow down.
Terence hits you with a +1 vorpal mace!
You die...

Skill      XL: |  1  2  3 |
---------------+----------+-----
Stealth        | 2 3 |  3.1
Fighting       | 1 2 |  2.3
Dodging        | |  1.7
Spellcasting   | |  2.0
Transmutations | |  0.8
Earth Magic    | |  2.6

Action                   || total
-------------------------++-------
Melee: Unarmed           ||    12
       Dagger            ||    19
       Punch             ||     1
 Cast: Sandblast         ||    40
  Use: Potion            ||     1
       Scroll            ||     4
Armor: Robe              ||     8
Dodge: Dodged            ||    33

Levels and vault maps discovered:
D:1:      arrival_zaba_pyramid, layout_basic,
          dreamdust_ecumenical_altar_drowned_temple, st_stairs_10
D:2:      layout_basic, kennysheep_generic_room_4
D:3:      kennysheep_six_static_rooms, layout_rooms, lemuel_crystal_altar,
          hex_intersection, chequers_serial_rivers_micro_b, corexii_shack,
          serial_park_tiny_1, roderic_batcave, uniq_terence, uniq_sigmund,
          uniq_natasha

Notes
Turn   | Place    | Note
-------+----------+-------------------------------------------
     0 | D:1      | spaghetti the Demonspawn Earth Elementalist began the quest
                  | for the Orb.
     0 | D:1      | Reached XP level 1. HP: 13/13 MP: 3/3
     0 | D:1      | magus.rc [v1.9.6]
    20 | D:1      | Reached skill level 2 in Stealth
    37 | D:1      | HP: 3/13 [jackal (3)]
   445 | D:1      | Gained mutation: You may rarely emit foul miasma when
                  | damaged in melee. [demonic ancestry]
   445 | D:1      | Reached XP level 2. HP: 11/19 MP: 3/5
   583 | D:1      | You fall into a shaft and drop 1 floor!
   681 | D:2      | Reached skill level 3 in Stealth
   987 | D:2      | Reached skill level 1 in Fighting
   987 | D:2      | Reached XP level 3. HP: 24/26 MP: 2/6
   990 | D:2      | Learned a level 2 spell: Passwall
   994 | D:2      | Learned a level 3 spell: Stone Arrow
  1506 | D:2      | You add the spells Summon Forest, Eringya's Noxious Bog and
                  | Summon Hydra to your library.
  1583 | D:2      | You pick up a book of Air and begin reading...
  1583 | D:2      | You add the spells Shock, Swiftness and Airstrike to your
                  | library.
  1589 | D:2      | You pick up a book of Spatial Translocations and begin
                  | reading...
  1589 | D:2      | You add the spells Blink, Lesser Beckoning and Manifold
                  | Assault to your library.
  2083 | D:3      | Noticed Terence
  2141 | D:3      | Reached skill level 2 in Fighting
  2192 | D:3      | HP: 6/28 [Terence/+1 vorpal mace (6)]
  2193 | D:3      | Slain by Terence

Vanquished Creatures
  4 adders
  A dart slug (D:2)
  2 endoplasms
  A giant cockroach (D:2)
  2 goblins (D:1)
  3 hobgoblins
  2 jackals (D:1)
  4 kobolds
  3 ball pythons
  A bat (D:2)
  A frilled lizard (D:3)
  A rat (D:2)
25 creatures vanquished.

Table legend:
 A = Non-vault XP
 B = Vault XP
 C = Vault XP percentage of total XP
 D = Non-vault monster count
 E = Vault monster count
 F = Vault count percentage of total count
                 A         B        C        D         E       F
            +---------+---------+-------+---------+---------+-------
      Total |      84 |       4 |   4.5 |      24 |       1 |   4.0
            +---------+---------+-------+---------+---------+-------
        D:1 |      12 |       0 |   0.0 |       6 |       0 |   0.0
        D:2 |      53 |       4 |   7.0 |      13 |       1 |   7.1
        D:3 |      19 |       0 |   0.0 |       5 |       0 |   0.0
            +---------+---------+-------+---------+---------+-------

Illustrated notes

Table legend:
 A = Kills in this place as a percentage of kills in entire the game.
 B = Kills by you in this place as a percentage of kills by you in the entire game.
 C = Kills by friends in this place as a percentage of kills by friends in the entire game.
 D = Other kills in this place as a percentage of other kills in the entire game.
 E = Experience gained in this place as a percentage of experience gained in the entire game.
 F = Experience gained in this place divided by the number of levels of this place that you have seen.
                   A       B       C       D       E      F
               +-------+-------+-------+-------+-------+----------------------
         Total | 100.0 | 100.0 |   N/A |   N/A | 100.0 |  29.3
       Dungeon | 100.0 | 100.0 |   N/A |   N/A | 100.0 |  29.3
               +-------+-------+-------+-------+-------+----------------------

Table legend: (Time is in decaauts)
 A = Elapsed time spent in this place.
 B = Non-inter-level travel time spent in this place.
 C = Inter-level travel time spent in this place.
 D = Time resting spent in this place.
 E = Time spent auto-exploring this place.
 F = Levels seen in this place.
 G = Mean time per level.
                   A        B        C        D        E       F      G
               +--------+--------+--------+--------+--------+-----+--------+
         Total |   2192 |   2139 |     53 |    825 |   1092 |   3 |  730.7 |
       Dungeon |   2192 |   2139 |     53 |    825 |   1092 |   3 |  730.7 |
               +--------+--------+--------+--------+--------+-----+--------+

Top non-repeatable levels by time:
     D:2: 1546 daAuts
     D:1: 582 daAuts
     D:3: 64 daAuts
